 Dungeon Crawl Stone Soup version 0.23-a0-370-gf497b7c (webtiles) character file.

7161 Garbasso the Destroyer (level 10, -6/82 HPs)
             Began as a Demonspawn Earth Elementalist on Oct 23, 2018.
             Was a Believer of Vehumet.
             Mangled by a spiny frog (8 damage)
             ... on level 10 of the Dungeon on Oct 24, 2018.
             The game lasted 00:45:09 (11896 turns).

Garbasso the Destroyer (DsEE)                      Turns: 11896, Time: 00:45:10

Health: -6/82      AC: 10    Str:  9    XL:     10   Next: 86%
Magic:  0/26       EV: 17    Int: 19    God:    Vehumet [**....]
Gold:   542        SH:  6    Dex: 19    Spells: 5/19 levels left

rFire    . . .     SeeInvis .   o - staff of wizardry
rCold    + . .     Gourm    .   k - +0 buckler
rNeg     + . .     Faith    .   t - +1 leather armour of the Engineer {rN+ rCorr}
rPois    .         Spirit   +   l - +2 helmet
rElec    .         Reflect  .   r - +0 cloak
rCorr    +         Harm     .   u - +0 pair of gloves
MR       .....     Clarity  +   (no boots)
Stlth    +++.......             n - amulet of regeneration
HPRegen  0.63/turn              j - ring of protection from cold
MPRegen  0.20/turn              m - ring of magical power

@: agile, lethally poisoned (-6 -> -6)
A: claws 2, hooves 1, rugged brown scales 1, clarity, foul stench 1, magic
shield, rot immunity
a: Renounce Religion


You were on level 10 of the Dungeon.
You worshipped Vehumet.
Vehumet was pleased with you.
You were not hungry.

You visited 3 branches of the dungeon, and saw 12 of its levels.

You collected 607 gold pieces.
You spent 65 gold pieces at shops.

Inventory:

Hand Weapons
 g - a +1 dagger
 K - the +10 rapier of Onoumiar {pierce, *Noise Str+5 Int+9}
   (You found it on level 9 of the Dungeon)

   It inflicts extra damage upon your enemies.
   It affects your strength (+5).
   It affects your intelligence (+9).
   It may make noises in combat.
Missiles
 b - 100 stones (quivered)
 y - 6 javelins
Armour
 k - a +0 buckler (worn)
 l - a +2 helmet (worn)
 r - a +0 cloak (worn)
 t - the +1 leather armour of the Engineer (worn) {rN+ rCorr}
   (You found it on level 7 of the Dungeon)

   It protects you from negative energy.
   It provides partial protection from all sources of acid and corrosion.
 u - a +0 pair of gloves (worn)
Magical Staves
 o - an uncursed staff of wizardry (weapon)
Jewellery
 j - a ring of protection from cold (left hand)
 m - a ring of magical power (right hand)
 n - an amulet of regeneration (around neck)
 v - an uncursed ring of ice
 C - an uncursed amulet of faith {unknown}
Wands
 x - a wand of flame (34)
 D - a wand of polymorph (21)
 G - a wand of random effects (20)
 L - a wand of paralysis (8)
Scrolls
 e - 4 scrolls of teleportation
 f - 9 scrolls of remove curse
 p - 2 scrolls of fear
 E - a scroll of enchant weapon
 F - a scroll of identify
 H - a scroll of magic mapping {unknown}
 O - a scroll of amnesia {unknown}
Potions
 a - a potion of flight
 h - 3 potions of curing
 i - 3 potions of mutation
 q - a potion of resistance {unknown}
 s - 2 potions of agility
 w - 2 potions of haste {unknown}
 z - 2 potions of lignification {unknown}
 A - a potion of might {unknown}
 B - 3 potions of ambrosia {unknown}
 M - a potion of heal wounds {unknown}
Miscellaneous
 I - a lightning rod (4/4)
 J - a phial of floods
Comestibles
 d - 8 rations


   Skills:
 + Level 7.6 Fighting
 - Level 1.7 Dodging
 - Level 1.7 Stealth
 - Level 4.0 Shields
 - Level 5.2 Spellcasting
 + Level 9.3 Conjurations
   Level 0.8 Transmutations
 + Level 4.6 Fire Magic
 - Level 7.4 Earth Magic


You had 5 spell levels left.
You knew the following spells:

 Your Spells              Type           Power        Failure   Level  Hunger
a - Sandblast             Erth           ####..       1%          1    None
b - Stone Arrow           Conj/Erth      #####.       1%          3    ##.....
c - Lee's Rapid Deconstr  Erth           ####......   9%          5    ######.
d - Fireball              Conj/Fire      ####......   11%         5    ######.

Your spell library contained the following spells:

 Spells                   Type           Power        Failure   Level  Hunger
 Shock                    Conj/Air       ###.         1%          1    None
 Flame Tongue             Conj/Fire      ####.        1%          1    None
 Sting                    Conj/Pois      ###.         1%          1    None
 Passwall                 Tmut/Erth      ###.....     1%          2    #......
 Throw Flame              Conj/Fire      ####..       1%          2    #......
 Conjure Flame            Conj/Fire      ####....     1%          3    ##.....
 Sticky Flame             Conj/Fire      ####....     4%          4    ####...
 Mephitic Cloud           Conj/Pois/Air  ###.....     6%          3    ##.....
 Animate Skeleton         Necr           N/A          7%          1    None
 Apportation              Tloc           #.....       7%          1    None
 Confusing Touch          Hex            #.....       7%          1    None
 Summon Small Mammal      Summ           #...         7%          1    None
 Inner Flame              Hex/Fire       ##......     9%          3    ##.....
 Blink                    Tloc           N/A          11%         2    #......
 Poisonous Vapours        Pois/Air       #.....       11%         2    #......
 Shroud of Golubria       Chrm/Tloc      #.........   11%         2    #......
 Petrify                  Tmut/Erth      ###.....     12%         4    ####...
 Gell's Gravitas          Tloc           #.........   21%         3    ##.....
 Lesser Beckoning         Tloc           #.........   21%         3    ##.....
 Teleport Other           Tloc           #.......     21%         3    ##.....
 Venom Bolt               Conj/Pois      ###.......   26%         5    ######.
 Olgreb's Toxic Radiance  Pois           #.......     52%         4    ####...
 Passage of Golubria      Tloc           N/A          52%         4    ####...


Dungeon Overview and Level Annotations

Branches:
Dungeon (10/15)            Temple (1/1) D:4            Lair (1/6) D:10
    Orc: D:9-12

Altars:
Ashenzari
Cheibriados
Dithmenos
Elyvilon
Makhleb
Nemelex Xobeh
Okawaru
Qazlal
Sif Muna
Vehumet

Shops:
D:7 *   D:9 %

Annotations:
D:2 Sigmund


Innate Abilities, Weirdness & Mutations

You have very sharp fingernails.
You are partially covered in rugged brown scales. (AC +1, +3% HP)
You may emit foul miasma when damaged in melee.
When hurt, damage is shared between your health and your magic reserves.
You are immune to rotting.
You have large cloven feet.
You possess an exceptional clarity of mind.


Message History

The four-headed hydra bites you!
The four-headed hydra bites you but does no damage.
The four-headed hydra bites you!
* * * LOW HITPOINT WARNING * * *
The four-headed hydra bites you but does no damage.
The water moccasin barely misses you. The spiny frog closely misses you.
The four-headed hydra bites you!
* * * LOW HITPOINT WARNING * * *
The four-headed hydra bites you!
* * * LOW HITPOINT WARNING * * *
You block the four-headed hydra's attack.
The four-headed hydra bites you but does no damage.
You climb upwards.
Welcome back to the Dungeon!
You feel yourself speed up.
You feel sick.
There is a staircase to the Lair here.
It was a potion of agility.
You feel agile all of a sudden. You block the water moccasin's attack.
The spiny frog stings you!
You die...

#.....# #........# ###.....#
###......#
#.......######......# ##
#...................# .#
#........#######'####
.#########........#######.#
.'.......................>#
.#########...####.####.####
...............F@D# #.#
###.....#######S#.####[#
#.....# #.#.....)## #...>.#
#..####..<# #.....#
#.........###
#.....#######...........######
#######..............##.#....#
#....<....##....#......#
#.........##.#..##.....#


You could see a four-headed hydra, a spiny frog and a water moccasin.

Vanquished Creatures
  4 two-headed ogres
  A hornet (D:10)
  4 dream sheep (Lair:1)
  Grum (D:9)
  Eustachio (D:6)
  A water moccasin (D:7)
  A porcupine (Lair:1)
  3 orc warriors
  A phantom (D:8)
  A black bear (D:6)
  An ice beast (D:5)
  A sky beast (D:7)
  2 ogres
  2 wolves (D:9)
  Blork the orc (D:5)
  5 bullfrogs
  A gnoll sergeant (D:8)
  4 scorpions
  A howler monkey (D:7)
  3 wights
  7 crimson imps
  A quasit (D:10)
  A centaur skeleton (D:6)
  2 hounds
  3 jellies
  7 orc wizards
  9 orc priests
  A bullfrog skeleton (D:10)
  A centaur zombie (D:5)
  3 iguanas
  6 worker ants
  A howler monkey skeleton (D:5)
  A howler monkey zombie (D:6)
  15 gnolls
  6 adders
  An adder zombie (D:6)
  A worm (D:4)
  A dart slug (D:1)
  3 leopard geckos
  16 orcs
  5 bats
  4 giant cockroaches
  12 goblins
  5 hobgoblins
  7 jackals
  3 quokkas
  A ball python (D:2)
  A frilled lizard (D:5)
  6 kobolds
  A leopard gecko skeleton (D:5)
  4 rats (D:1)
174 creatures vanquished.

Vanquished Creatures (others)
  A fungus (Lair:1)
1 creature vanquished.

Grand Total: 175 creatures vanquished

Notes
Turn   | Place    | Note
-------+----------+-------------------------------------------
     0 | D:1      | Garbasso the Demonspawn Earth Elementalist began the quest
                  | for the Orb.
     0 | D:1      | Reached XP level 1. HP: 13/13 MP: 3/3
     5 | D:1      | Upgraded the game from 0.23-a0-359-g9beedce to
                  | 0.23-a0-370-gf497b7c
   161 | D:1      | Gained mutation: You are immune to rotting. [demonic
                  | ancestry]
   161 | D:1      | Reached XP level 2. HP: 19/20 MP: 0/5
  1608 | D:2      | Noticed Sigmund
  1617 | D:2      | Gained mutation: You are partially covered in rugged brown
                  | scales. (AC +1, +3% HP) [demonic ancestry]
  1617 | D:2      | Reached XP level 3. HP: 20/25 MP: 4/6
  1897 | D:1      | Learned a level 3 spell: Stone Arrow
  1984 | D:2      | Reached skill level 1 in Fighting
  3575 | D:3      | Gained mutation: You may emit foul miasma when damaged in
                  | melee. [demonic ancestry]
  3575 | D:3      | Reached XP level 4. HP: 32/32 MP: 3/7
  3745 | D:3      | Found a deep blue altar of Sif Muna.
  4028 | D:4      | Reached skill level 1 in Conjurations
  4236 | D:4      | Got a pitted helmet
  4242 | D:4      | Identified the -7 helmet "Biklody" {Str+5 Stlth+} (You
                  | found it on level 4 of the Dungeon)
  4270 | D:4      | Gained mutation: You have sharp fingernails. [demonic
                  | ancestry]
  4270 | D:4      | Reached XP level 5. HP: 38/38 MP: 0/9
  4352 | D:4      | Learned a level 5 spell: Lee's Rapid Deconstruction
  4515 | D:4      | Reached skill level 2 in Conjurations
  4686 | D:4      | Found a staircase to the Ecumenical Temple.
  4692 | Temple   | Entered the Ecumenical Temple
  4714 | Temple   | Became a worshipper of Vehumet
  5139 | D:5      | Entered Level 5 of the Dungeon
  5140 | D:5      | Noticed Blork the orc
  5239 | D:5      | Reached XP level 6. HP: 44/44 MP: 7/10
  5246 | D:5      | Reached skill level 5 in Earth Magic
  5345 | D:5      | HP: 2/44 [centaur zombie (6)]
  5448 | D:5      | Noticed an ice beast
  5458 | D:5      | Killed an ice beast
  5728 | D:5      | Killed Blork the orc
  5728 | D:5      | Reached skill level 3 in Conjurations
  5728 | D:5      | Gained mutation: When hurt, damage is shared between your
                  | health and your magic reserves. [demonic ancestry]
  5728 | D:5      | Reached XP level 7. HP: 31/49 MP: 6/12
  5956 | D:5      | Found a burning altar of Makhleb.
  6385 | D:6      | Reached * piety under Vehumet
  6385 | D:6      | Offered knowledge of Magic Dart by Vehumet.
  6656 | D:6      | Reached skill level 4 in Conjurations
  6726 | D:6      | Gained mutation: You have very sharp fingernails. [demonic
                  | ancestry]
  6726 | D:6      | Reached XP level 8. HP: 57/57 MP: 10/14
  6775 | D:6      | Noticed Eustachio
  6787 | D:6      | Killed Eustachio
  7642 | D:7      | Found Risubbeo's General Store.
  7657 | D:7      | Learned a level 5 spell: Fireball
  7657 | D:7      | Bought a scroll of fear for 35 gold pieces
  7657 | D:7      | Bought a potion of curing for 30 gold pieces
  7792 | D:7      | Found a shadowy altar of Dithmenos.
  7806 | D:7      | Reached skill level 5 in Conjurations
  7832 | D:7      | Got a spiked leather armour
  7843 | D:7      | Identified the +1 leather armour of the Engineer {rN+
                  | rCorr} (You found it on level 7 of the Dungeon)
  7864 | D:7      | Got a twisted robe
  7879 | D:7      | Identified the +2 robe of Vigre {*Contam Int+4} (You found
                  | it on level 7 of the Dungeon)
  7914 | D:7      | Gained mutation: You are occasionally teleported next to
                  | monsters. [mutagenic glow]
  7915 | D:7      | Lost mutation: You are occasionally teleported next to
                  | monsters. [potion of mutation]
  7915 | D:7      | Gained mutation: You have large cloven feet. [potion of
                  | mutation]
  7915 | D:7      | Gained mutation: You possess an exceptional clarity of
                  | mind. [potion of mutation]
  8559 | D:8      | Noticed a two-headed ogre
  8570 | D:8      | Killed a two-headed ogre
  8570 | D:8      | Reached skill level 7 in Conjurations
  8570 | D:8      | Reached XP level 9. HP: 69/69 MP: 3/16
  8730 | D:8      | Reached skill level 5 in Fighting
  8750 | D:8      | Reached skill level 5 in Spellcasting
  8997 | D:8      | Reached ** piety under Vehumet
  8997 | D:8      | Offered knowledge of Shock by Vehumet.
  9262 | D:8      | Noticed a two-headed ogre
  9437 | D:8      | Killed a two-headed ogre
  9437 | D:8      | Reached skill level 1 in Shields
  9437 | D:8      | Reached skill level 8 in Conjurations
  9437 | D:8      | Reached skill level 1 in Fire Magic
  9711 | D:9      | Noticed Grum
  9723 | D:9      | Killed Grum
  9723 | D:9      | Reached XP level 10. HP: 66/78 MP: 4/17
  9802 | D:9      | Noticed a two-headed ogre
  9807 | D:9      | Killed a two-headed ogre
 10246 | D:9      | Found Yseur's Food Emporium.
 10380 | D:9      | Got a fine rapier
 10381 | D:9      | Identified the +10 rapier of Onoumiar {pierce, *Noise Str+5
                  | Int+9} (You found it on level 9 of the Dungeon)
 10460 | D:10     | Entered Level 10 of the Dungeon
 10589 | D:10     | Found a staircase to the Lair.
 11386 | D:10     | Noticed a two-headed ogre
 11397 | D:10     | Killed a two-headed ogre
 11397 | D:10     | Reached skill level 9 in Conjurations
 11702 | Lair:1   | Entered Level 1 of the Lair of Beasts
 11851 | Lair:1   | Noticed a torpor snail
 11859 | Lair:1   | Noticed a spiny frog
 11877 | Lair:1   | Noticed a four-headed hydra
 11894 | Lair:1   | HP: 1/82 [four-headed hydra (7)]
 11896 | D:10     | Mangled by a spiny frog

Vault maps used:
D:1:      dpeg_arrival_subterranean_lakeside_camping, kennysheep_another_room,
          minmay_misc_feat_plants
D:2:      uniq_sigmund
D:3:      lemuel_blue_sif_altar
D:4:      minmay_temple_entry_enclosed_plants, first_ration,
          grunt_ministairs_15, st_stairs_5
D:5:      makhleb_grotto_becter, uniq_blork_the_orc
D:6:      uniq_eustachio
D:7:      serial_shops, shop, nicolae_dithmenos_through_a_glass_darkly
D:9:      serial_shops, kennysheep_little_box, uniq_grum
D:10:     lair_entry_dummy
Temple:   nicolae_temple_the_god_donut

Skill      XL: |  1  2  3  4  5  6  7  8  9 10 |
---------------+-------------------------------+-----
Earth Magic    | 3 4 5 6 7 |  7.4
Fighting       | 1 2 4 6 7 |  7.6
Conjurations   | 1 2 3 4 7 8 9 |  9.3
Spellcasting   | 3 4 5 |  5.2
Shields        | 2 4 |  4.0
Fire Magic     | 2 4 |  4.6
Dodging        | |  1.7
Stealth        | |  1.7
Transmutations | |  0.8

Action                   |  1- 3 |  4- 6 |  7- 9 | 10-12 || total
-------------------------+-------+-------+-------+-------++-------
Melee: Unarmed           |     2 |       |       |       ||     2
       Dagger            |   114 |     7 |    34 |       ||   155
       Rapier            |       |     7 |     1 |       ||     8
       Staff             |       |       |     1 |     3 ||     4
Throw: Stone             |       |     1 |       |       ||     1
 Cast: Sandblast         |    36 |    54 |    99 |    63 ||   252
       Stone Arrow       |    14 |    11 |    28 |    22 ||    75
       Lee's Rapid Decon |       |       |    15 |    12 ||    27
       Fireball          |       |       |       |     7 ||     7
  Use: Scroll            |     3 |     4 |     6 |       ||    13
       Potion            |       |     1 |     1 |     1 ||     3
 Stab: Sleeping          |     3 |       |       |       ||     3
  Eat: Chunk             |    10 |     2 |    12 |     9 ||    33
       Ration            |       |     2 |     2 |     2 ||     6
Armor: Robe              |    33 |     8 |    21 |       ||    62
       Leather armour    |       |       |     8 |    44 ||    52
Dodge: Dodged            |   116 |    24 |    36 |    45 ||   221
Block: Buckler           |       |       |       |    12 ||    12

Table legend:
 A = Non-vault XP
 B = Vault XP
 C = Vault XP percentage of total XP
 D = Non-vault monster count
 E = Vault monster count
 F = Vault count percentage of total count
                 A         B        C        D         E       F
            +---------+---------+-------+---------+---------+-------
      Total |    9457 |     773 |   7.6 |     162 |      12 |   6.9
            +---------+---------+-------+---------+---------+-------
        D:1 |      27 |       9 |  25.0 |      16 |       6 |  27.3
        D:2 |      38 |       0 |   0.0 |      14 |       0 |   0.0
        D:3 |      40 |       0 |   0.0 |      13 |       0 |   0.0
        D:4 |     212 |       0 |   0.0 |      10 |       0 |   0.0
        D:5 |     528 |     139 |  20.8 |      15 |       2 |  11.8
        D:6 |     739 |     197 |  21.0 |      22 |       1 |   4.3
        D:7 |     643 |       0 |   0.0 |      15 |       0 |   0.0
        D:8 |    2658 |       0 |   0.0 |      21 |       0 |   0.0
        D:9 |    1409 |     428 |  23.3 |       8 |       3 |  27.3
       D:10 |    1925 |       0 |   0.0 |      22 |       0 |   0.0
     Lair:1 |    1238 |       0 |   0.0 |       6 |       0 |   0.0
            +---------+---------+-------+---------+---------+-------
